 Dungeon Crawl Stone Soup version 0.19-a0-1170-g18f0c96 (webtiles) character file.

256895 magipi the Fetichist (level 20, -15/213 HPs)
             Began as a Halfling Berserker on Aug 16, 2016.
             Was the Champion of Trog.
             Demolished by a white very ugly thing (19 damage)
             ... in a wizard's laboratory on Aug 17, 2016.
             The game lasted 03:50:22 (52273 turns).

magipi the Fetichist (Halfling Berserker)          Turns: 52273, Time: 03:50:23

Health: -15/213    AC: 16    Str: 22    XL:     20   Next: 63%
Magic:  31/31      EV: 21    Int: 11    God:    Trog [******]
Gold:   1060       SH:  0    Dex: 18    Spells: 0 memorised, 19 levels left

rFire  + . .     SeeInvis .     a - +3 double sword (elec)
rCold  + . .     Gourm    .     w - +1 chain mail of Fortitude {rElec}
rNeg   . . .     Faith    .     (shield currently unavailable)
rPois  +         Spirit   .     Q - +2 helmet
rElec  +         Dismiss  .     P - +2 cloak {rC+}
rCorr  .         Reflect  .     N - +2 pair of gloves {archery}
MR     +....     Harm     .     m - +1 pair of boots (curse)
Stlth  ..........               K - amulet of regeneration
                                f - ring of protection from fire
                                p - ring of poison resistance

@: berserking (expiring), corroded, very quick
A: mutation resistance 1
a: Berserk, Trog's Hand, Brothers in Arms, Burn Spellbooks, Renounce Religion
}: 2/15 runes: decaying, serpentine


You were in a wizard's laboratory.
You worshipped Trog.
Trog was exalted by your worship.
You were hungry.

You visited 7 branches of the dungeon, and saw 33 of its levels.
You also visited: Labyrinth, Sewer, Ice Cave and Wizlab.

You collected 3139 gold pieces.
You spent 2079 gold pieces at shops.

Notes
Turn   | Place    | Note
-------+----------+-------------------------------------------
     0 | D:1      | magipi the Halfling Berserker began the quest for the Orb.
     0 | D:1      | Reached XP level 1. HP: 15/15 MP: 1/1
   225 | D:1      | Reached XP level 2. HP: 11/20 MP: 2/2
   698 | D:1      | Reached XP level 3. HP: 22/25 MP: 3/3
   819 | D:2      | Noticed Ijyb
   861 | D:2      | Reached ** piety under Trog
   968 | D:2      | Killed Ijyb
   968 | D:2      | Reached skill level 5 in Long Blades
   968 | D:2      | Reached XP level 4. HP: 24/30 MP: 4/4
  1013 | D:2      | Found an opulent altar of Gozag.
  1075 | D:2      | Found an oddly glowing altar of Pakellas.
  1212 | D:2      | Found a snail-covered altar of Cheibriados.
  1219 | D:2      | Found a sparkling altar of Nemelex Xobeh.
  1361 | D:2      | Reached XP level 5. HP: 35/35 MP: 5/5
  1532 | D:3      | Found a basalt altar of Yredelemnul.
  1741 | D:3      | Found an iron altar of Okawaru.
  2024 | D:3      | Reached *** piety under Trog
  2120 | D:3      | Found a bloodstained altar of Trog.
  2314 | D:4      | Reached XP level 6. HP: 27/41 MP: 6/6
  2617 | D:4      | Found a hazy altar of Hepliaklqana.
  2860 | D:4      | Noticed an ogre
  2883 | D:4      | Killed an ogre
  2883 | D:4      | Reached XP level 7. HP: 45/45 MP: 7/7
  3799 | D:5      | Entered Level 5 of the Dungeon
  3803 | D:5      | Reached **** piety under Trog
  3829 | D:5      | Noticed Menkaure
  3835 | D:5      | Killed Menkaure
  4017 | D:5      | Reached XP level 8. HP: 49/51 MP: 8/8
  4151 | D:5      | Found a glowing drain.
  4174 | Sewer    | Entered a sewer
  4550 | Sewer    | Reached ***** piety under Trog
  5427 | D:6      | Reached XP level 9. HP: 58/58 MP: 9/9
  5645 | D:6      | Found a staircase to the Ecumenical Temple.
  5664 | Temple   | Entered the Ecumenical Temple
  6575 | D:7      | Found a shattered altar of Ashenzari.
  6589 | D:7      | Reached skill level 10 in Long Blades
  6668 | D:7      | Noticed Duvessa
  6668 | D:7      | Noticed Dowan
  6673 | D:7      | Killed Duvessa
  6673 | D:7      | Reached skill level 5 in Armour
  6684 | D:7      | Killed Dowan
  6847 | D:7      | Found a shimmering altar of Xom.
  6992 | D:7      | Reached skill level 5 in Fighting
  7242 | D:7      | Reached skill level 5 in Dodging
  7336 | D:7      | Reached XP level 10. HP: 55/66 MP: 10/10
  7465 | D:7      | Found a blossoming altar of Fedhas.
  7657 | D:8      | Found Qotreino's Gadget Shoppe.
  8430 | D:9      | Found Fanur's General Store.
  8438 | D:9      | Bought a potion of degeneration for 16 gold pieces
  8438 | D:9      | Bought a scroll of magic mapping for 56 gold pieces
  8591 | D:9      | Found a white marble altar of Elyvilon.
  8759 | D:9      | Found a sacrificial altar of Ru.
  9024 | D:9      | Found a sparkling altar of Nemelex Xobeh.
  9283 | D:9      | Received a gift from Trog
  9510 | D:10     | Entered Level 10 of the Dungeon
  9551 | D:10     | Noticed a hill giant
  9571 | D:10     | Killed a hill giant
  9571 | D:10     | Reached skill level 1 in Evocations
  9578 | D:10     | Reached XP level 11. HP: 74/74 MP: 10/12
  9995 | D:10     | Noticed an unseen horror
 10003 | D:10     | Killed an unseen horror
 10596 | D:10     | Noticed hairmachine's ghost (novice DgFE)
 10627 | D:10     | Killed hairmachine's ghost
 10684 | D:10     | Found a staircase to the Lair.
 10731 | D:10     | Noticed a hill giant
 10747 | D:10     | Killed a hill giant
 11304 | D:11     | Found a staircase to the Orcish Mines.
 11406 | D:11     | Noticed a hill giant
 11423 | D:11     | Killed a hill giant
 11466 | D:11     | Received a gift from Trog
 11595 | D:11     | Noticed a hill giant
 11622 | D:11     | Killed a hill giant
 11675 | D:11     | Noticed a manticore
 11817 | Orc:1    | Entered Level 1 of the Orcish Mines
 11817 | Orc:1    | Found a roughly hewn altar of Beogh.
 11817 | Orc:1    | Noticed Josephine
 11872 | D:11     | Reached XP level 12. HP: 83/83 MP: 15/15
 12037 | Orc:1    | Killed Josephine
 12037 | Orc:1    | Reached skill level 5 in Evocations
 12894 | Orc:2    | Entered Level 2 of the Orcish Mines
 12894 | Orc:2    | Found Niqoirin's Magic Scroll Emporium.
 12894 | Orc:2    | Noticed a deep troll
 12896 | Orc:2    | Noticed an ogre mage
 12896 | Orc:2    | Noticed an ogre mage
 13027 | Lair:1   | Entered Level 1 of the Lair of Beasts
 13027 | Lair:1   | Noticed Erica
 13052 | Lair:1   | Killed Erica
 13081 | Lair:1   | Found a labyrinth entrance.
 13096 | Lab      | Entered a labyrinth
 14831 | Lab      | Noticed a minotaur
 14849 | Lab      | Killed a minotaur
 15147 | Lair:1   | Received a gift from Trog
 15244 | Lair:1   | Reached skill level 10 in Armour
 15566 | Lair:2   | Noticed Fannar
 15581 | Lair:2   | Killed Fannar
 15581 | Lair:2   | Reached skill level 10 in Dodging
 15664 | Lair:2   | Noticed Gastronok
 16439 | Lair:3   | Reached skill level 1 in Throwing
 16733 | Lair:3   | Reached XP level 13. HP: 78/90 MP: 18/18
 17499 | Lair:3   | Found a staircase to the Snake Pit.
 17967 | Lair:3   | Reached skill level 5 in Throwing
 18078 | Lair:3   | Received a gift from Trog
 19861 | Lair:4   | Found a staircase to the Swamp.
 20742 | Lair:5   | Received a gift from Trog
 21307 | Lair:5   | Received a gift from Trog
 21313 | Lair:5   | Got an ivory double sword {god gift}
 21314 | Lair:5   | Identified the +7 double sword of Trog {freeze, Dex+3 Stlth+} (Trog gifted it to you on level 5 of the Lair of Beasts)
 21387 | Lair:5   | Reached XP level 14. HP: 87/97 MP: 21/21
 21414 | Lair:5   | Reached skill level 10 in Evocations
 21912 | Lair:5   | Found a staircase to the Slime Pits.
 22202 | Lair:6   | Entered Level 6 of the Lair of Beasts
 22379 | Lair:6   | Found a frozen archway.
 22480 | IceCv    | Entered an ice cave
 22981 | IceCv    | Noticed a reaper
 23013 | IceCv    | Killed a reaper
 23954 | Lair:6   | Received a gift from Trog
 24326 | Lair:6   | Received a gift from Trog
 24326 | Lair:6   | Reached skill level 10 in Throwing
 24874 | Lair:6   | Reached XP level 15. HP: 57/101 MP: 23/23
 25022 | Lair:6   | Reached ****** piety under Trog
 25323 | Lair:6   | Found a runed door.
 25666 | Lair:6   | Got a crude chain mail
 25668 | Lair:6   | Identified the +1 chain mail of Fortitude {rElec} (You found it on level 6 of the Lair of Beasts)
 26622 | Lair:6   | Received a gift from Trog
 28612 | D:13     | Got a shimmering marble ring
 28614 | D:13     | Identified the ring "Arua" {Str+3 Int-5 Dex+3 Stlth+} (You found it on level 13 of the Dungeon)
 29474 | D:13     | Received a gift from Trog
 30478 | D:14     | Reached XP level 16. HP: 108/108 MP: 25/25
 31089 | D:14     | Found a gate to the Vaults.
 31123 | D:15     | Entered Level 15 of the Dungeon
 31692 | D:15     | Found Weosint's General Store.
 32104 | D:15     | Found a staircase to the Depths.
 32182 | D:15     | Received a gift from Trog
 32197 | D:15     | Reached skill level 10 in Fighting
 34223 | Orc:2    | Received a gift from Trog
 34413 | Orc:2    | Found Menkywaech's Antique Armour Shoppe.
 34415 | Orc:2    | Found Kiqe Tio's Magic Scroll Boutique.
 34419 | Orc:2    | Found Bysm's Jewellery Shoppe.
 34653 | Orc:2    | Bought a scroll of vulnerability for 120 gold pieces
 34825 | Orc:2    | Received a gift from Trog
 35056 | Orc:2    | Noticed Sonja
 35066 | Orc:2    | Killed Sonja
 35346 | Orc:2    | Found a staircase to the Elven Halls.
 35560 | Orc:2    | Bought an uncursed ring of protection from fire for 375 gold pieces
 35578 | Orc:2    | Bought a brightly glowing plate armour for 728 gold pieces
 35579 | Orc:2    | Identified the +3 plate armour of Loreosug {*Corrode Int+6 Slay+2} (You bought it in a shop on level 2 of the Orcish Mines)
 35585 | Orc:2    | Bought a scroll of teleportation for 45 gold pieces
 35585 | Orc:2    | Bought a scroll of blinking for 112 gold pieces
 35585 | Orc:2    | Bought a scroll of teleportation for 45 gold pieces
 35585 | Orc:2    | Bought a scroll of identify for 30 gold pieces
 35751 | Swamp:1  | Entered Level 1 of the Swamp
 35806 | Swamp:1  | Reached XP level 17. HP: 20/117 MP: 27/27
 36168 | Swamp:2  | Received a gift from Trog
 36737 | Swamp:2  | Noticed Nikola
 36753 | Swamp:2  | Killed Nikola
 37839 | Swamp:4  | Entered Level 4 of the Swamp
 37858 | Swamp:3  | Received a gift from Trog
 38745 | Swamp:4  | Noticed a thorn hunter
 39170 | Swamp:4  | Killed a thorn hunter
 39840 | Swamp:4  | Received a gift from Trog
 39842 | Swamp:4  | Noticed a thorn hunter
 39859 | Swamp:4  | Killed a thorn hunter
 39931 | Swamp:4  | Reached XP level 18. HP: 80/126 MP: 28/28
 40339 | Swamp:4  | Received a gift from Trog
 40551 | Swamp:4  | Noticed a tentacled monstrosity
 40559 | Swamp:4  | Killed a tentacled monstrosity
 40689 | Swamp:4  | Received a gift from Trog
 41205 | Swamp:4  | Got a decaying rune of Zot
 41662 | Swamp:3  | Noticed Jorgrun
 41927 | Swamp:2  | Received a gift from Trog
 42186 | Snake:1  | Entered Level 1 of the Snake Pit
 42461 | Snake:1  | Identified a scroll of acquirement
 42760 | Snake:1  | Found a sacrificial altar of Ru.
 45057 | Snake:3  | Reached XP level 19. HP: 134/134 MP: 29/29
 45189 | Snake:3  | Received a gift from Trog
 47497 | Snake:3  | Found Ciwofin's Gadget Shop.
 47497 | Snake:3  | Found Cyceros's Jewellery Shoppe.
 47498 | Snake:3  | Found Miwipn's Jewellery Shoppe.
 47504 | Snake:3  | Bought an uncursed amulet of regeneration for 480 gold pieces
 47504 | Snake:3  | Bought a cursed ring of teleportation for 72 gold pieces
 47575 | Snake:4  | Entered Level 4 of the Snake Pit
 48090 | Snake:4  | Received a gift from Trog
 48157 | Snake:4  | Reached skill level 15 in Evocations
 49916 | Snake:4  | Reached skill level 15 in Armour
 50018 | Snake:4  | Reached XP level 20. HP: 141/141 MP: 31/31
 50034 | Snake:4  | Received a gift from Trog
 50649 | Snake:4  | Reached skill level 15 in Dodging
 50978 | Snake:4  | Got a serpentine rune of Zot
 51139 | Lair:2   | Killed Gastronok
 51408 | Vaults:1 | Entered Level 1 of the Vaults
 51449 | Vaults:1 | Received a gift from Trog
 51472 | Vaults:1 | Found a magical portal.
 51541 | WizLab   | Entered Cigotuvi's Fleshworks
 52110 | WizLab   | Reached skill level 15 in Long Blades
 52273 | WizLab   | HP: 4/213 [white very ugly thing (14)]
 52273 | WizLab   | Demolished by a white very ugly thing

Inventory:

Hand Weapons
 a - a +3 double sword of electrocution (weapon)
 b - the +7 double sword of Trog {freeze, Dex+3 Stlth+}
   (Trog gifted it to you on level 5 of the Lair of Beasts)

   It has been specially enchanted to freeze those struck by it, causing extra
   injury to most foes and up to half again as much damage against particularly
   susceptible opponents.
   It can also slow down cold-blooded creatures.
   It affects your dexterity (+3).
   It makes you more stealthy.
 h - a +1 scimitar of flaming
 L - a +4 antimagic double sword
Missiles
 c - 8 curare-tipped needles
 M - 3 throwing nets (quivered)
Armour
 m - a cursed +1 pair of boots (worn)
 w - the +1 chain mail of Fortitude (worn) {rElec}
   (You found it on level 6 of the Lair of Beasts)

   It insulates you from electricity.
 N - a +2 pair of gloves of archery (worn)
 P - a +2 cloak of cold resistance (worn)
 Q - a +2 helmet (worn)
Rods
 C - a +6 iron rod (9/9)
   (You found it in a labyrinth)
Jewellery
 f - a ring of protection from fire (right hand)
 i - an uncursed ring of see invisible
 p - a ring of poison resistance (left hand)
 q - an uncursed ring of resist corrosion
 x - an uncursed ring of protection from magic
 E - an uncursed ring of flight
 K - an amulet of regeneration (around neck)
Wands
 k - a wand of disintegration (18/24)
 B - a wand of enslavement (10/24)
 D - a wand of lightning (7/15)
 F - a wand of paralysis (4/24)
 O - a wand of disintegration (1/24)
 T - a wand of teleportation (3/9)
 Y - a wand of polymorph (11/24)
 Z - a wand of acid (3/15)
Scrolls
 d - 5 scrolls of immolation
 e - 4 scrolls of recharging
 g - 19 scrolls of remove curse
 j - 9 scrolls of magic mapping
 r - 8 scrolls of identify
 t - 2 scrolls of teleportation
 u - 5 scrolls of fear
 v - 3 scrolls of fog
 H - a scroll of summoning
 R - 5 scrolls of blinking
Potions
 l - a potion of heal wounds
 n - 5 potions of lignification
 o - 6 potions of agility
 s - a potion of brilliance
 y - 12 potions of curing
 z - 3 potions of haste
 A - 4 potions of resistance
 I - 4 potions of magic
 J - 8 potions of flight
 V - 2 potions of might
 W - 4 potions of cancellation
 X - 2 potions of invisibility
Comestibles
 G - a meat ration
 U - a bread ration


   Skills:
 + Level 13.8 Fighting
 + Level 15.0 Long Blades
 - Level 13.7 Throwing
 - Level 15.2 Armour
 - Level 15.0 Dodging
 + Level 15.7 Evocations


You had 19 spell levels left.
You didn't know any spells.

Dungeon Overview and Level Annotations

Branches:
Dungeon (15/15)            Temple (1/1) D:6            Lair (6/6) D:10
  Swamp (4/4) Lair:4        Snake (4/4) Lair:3        Slime (0/5) Lair:5
    Orc (2/2) D:11            Elf (0/3) Orc:2        Vaults (1/5) D:14
 Depths (0/5) D:15

Altars:
Ashenzari
Cheibriados
Dithmenos
Elyvilon
Fedhas
Gozag
Hepliaklqana
Kikubaaqudgha
Makhleb
Nemelex Xobeh
Okawaru
Pakellas
Qazlal
Ru
Sif Muna
Trog
Uskayaw
Vehumet
Xom
Yredelemnul
Zin
The Shining One
Beogh

Shops:
D:8 }   D:9 *   D:15 *   Orc:2 [??=   Snake:3 ==}

Annotations:
Lair:6 1 runed door
Swamp:3 Jorgrun


Innate Abilities, Weirdness & Mutations

You are small and have problems with some larger weapons.
You are somewhat resistant to further mutation.

Vault maps used:
D:1:      saegor_arrival_fortress, minmay_misc_feat_square
D:2:      overflow_temple_1_default, lemuel_doored_altar,
          amethyst_overflow_temple_binary, first_bread, minmay_heptomino_l4,
          uniq_iyjb
D:3:      lemuel_coloured_pillars_altar, lightli_temple_of_fire,
          old_standard_altar
D:4:      old_standard_altar, minmay_surrounded
D:5:      wad_crossroads, gup_sewer_entry_pipe, uniq_menkaure
D:7:      kennysheep_little_box, lemuel_round_altar, tgw_xom, uniq_duvessa
D:8:      serial_shops, shop
D:9:      lemuel_round_altar, old_standard_altar, serial_shops, shop,
          basic_altar
D:11:     orc_0_dummy
D:12:     hangedman_little_slice_of_home, columned_hall_lemuel
D:13:     minmay_unpleasant_kobolds
D:14:     david_vaults_4, kennysheep_another_room
D:15:     grunt_enter_depths_magical_seal, serial_shops, nicolae_shop_crystal,
          minmay_strange_pillars, minivault_7
Temple:   jpeg_temple_island
Lair:1:   lab_entry_generic, beast_lair_carwin_2, infiniplex_staircase_pool_2,
          grunt_megastairs_5, uniq_erica
Lair:2:   wad_woods_04, grunt_megastairs_2, uniq_gastronok, uniq_fannar
Lair:3:   minmay_snake_entry_guardpost_small, beast_lair_carwin_6
Lair:4:   swamp_mist_pool
Lair:5:   minmay_slime_entry_pillars, st_stairs_7
Lair:6:   guppyfry_lair_end_dragon, wormcave, portal_ice_cave_rime,
          nicolae_quartered_pool_medium, grunt_megastairs_4,
          serial_bayou_shore_a, infiniplex_staircase_pool
Swamp:1:  hangedman_swamp_blocks
Swamp:2:  hangedman_swamp_ruin_wall, uniq_nikola
Swamp:3:  serial_swamp_ruin, evilmike_swamp_ruin_rubble_2,
          evilmike_swamp_ruin_house_4, evilmike_swamp_ruin_rubble_1,
          swamp_pool1, nicolae_swamp_baby_hydras, uniq_jorgrun
Swamp:4:  swamp_vile
Snake:1:  basic_altar
Snake:2:  nicolae_snake_nest
Snake:3:  minmay_shop_grove
Snake:4:  snake_pit_salamanders_mu, hangedman_snake_pattern,
          serial_bayou_shore_b
Orc:1:    basic_altar, lemuel_statue_altar, uniq_josephine
Orc:2:    st_orc_open, uniq_sonja
Vaults:1: vaults_room_boxed, ontoclasm_vaults_chip, nicolae_vaults_alarming,
          st_squares, grunt_vaults_bifocal, ontoclasm_vaults_misaligned,
          vaults_room_grid, vaults_dpeg_hooks, vaults_room_hallway,
          vaults_room_corners, vaults_room_grunt_arrival_ludios,
          grunt_vaults_trifunnel, infiniplex_enter_wizlab_water
Sewer:    sewer_co_15_rooms
IceCv:    ice_cave_small_demon
WizLab:   wizlab_cigotuvi


Message History

You slash the brown very ugly thing!
The brown very ugly thing is heavily wounded.
The white very ugly thing stings you but does no damage.
The red very ugly thing tail-slaps you!
The brown very ugly thing tentacle-slaps you!
You are splashed with acid!
The acid corrodes you!
The acid burns!
There is an open fleshy orifice, spattered with blood here.
Unknown command.
The brown very ugly thing tentacle-slaps you.
You are splashed with acid!
The acid burns!
Unknown command.
A red film seems to cover your vision as you go berserk!
You feel yourself moving faster!
You feel mighty!
You feel somewhat more hungry. The white very ugly thing misses you.
You riposte.
You barely miss the white very ugly thing.
The brown very ugly thing tentacle-slaps you!
You are splashed with acid!
The acid corrodes you!
The acid burns!
You slice the brown very ugly thing!!
The brown very ugly thing is severely wounded.
The white very ugly thing basks in the mutagenic energy from its kin and changes!
The brown very ugly thing tentacle-slaps you.
You are splashed with acid!
The acid corrodes you!
The acid burns!
Unknown command.
You closely miss the brown very ugly thing.
The brown very ugly thing is severely wounded.
You closely miss the brown very ugly thing.
The brown very ugly thing is severely wounded.
The brown very ugly thing barely misses you.
Unknown command.
You barely miss the brown very ugly thing.
The brown very ugly thing is severely wounded.
Unknown command.
You barely miss the brown very ugly thing.
The brown very ugly thing is severely wounded.
The brown very ugly thing tentacle-slaps you.
You are splashed with acid!
The acid burns!
Unknown command.
You hit the brown very ugly thing.
The brown very ugly thing is severely wounded.
The brown very ugly thing tentacle-slaps you.
You are splashed with acid!
The acid burns!
Unknown command.
You hit the brown very ugly thing.
The brown very ugly thing is severely wounded.
The brown very ugly thing tentacle-slaps you.
You are splashed with acid!
The acid burns!
The brown very ugly thing tentacle-slaps you!
You are splashed with acid!
The acid burns!
* * * LOW HITPOINT WARNING * * *
You slice the brown very ugly thing!!
There is a sudden explosion of sparks!
You kill the brown very ugly thing!
Trog accepts your kill.
Your life force feels restored.
You slice the brown very ugly thing!!
The brown very ugly thing is moderately wounded.
The brown very ugly thing tentacle-slaps you!
* * * LOW HITPOINT WARNING * * *
You are splashed with acid!
The acid burns!
* * * LOW HITPOINT WARNING * * *
You hit the brown very ugly thing.
The brown very ugly thing is moderately wounded.
Unknown command.
You hit the brown very ugly thing.
There is a sudden explosion of sparks!
The brown very ugly thing is heavily wounded.
Unknown command.
You slash the brown very ugly thing!
There is a sudden explosion of sparks!
The brown very ugly thing is almost dead.
The brown very ugly thing basks in the mutagenic energy from its kin and changes!
The red very ugly thing basks in the mutagenic energy from its kin and changes!
Unknown command.
You slash the red very ugly thing!
There is a sudden explosion of sparks!
You kill the red very ugly thing!
Trog accepts your kill.
Unknown command.
You slash the white very ugly thing!
There is a sudden explosion of sparks!
The white very ugly thing is moderately wounded.
Unknown command.
You closely miss the white very ugly thing.
The white very ugly thing is moderately wounded.
Unknown command.
You barely miss the white very ugly thing.
The white very ugly thing is moderately wounded.
Unknown command.
You hit the white very ugly thing.
The white very ugly thing is moderately wounded.
The white very ugly thing kicks you!
* * * LOW HITPOINT WARNING * * *
The white very ugly thing freezes you!! You resist.
* * * LOW HITPOINT WARNING * * *
You hit the white very ugly thing but do no damage.
The white very ugly thing is moderately wounded.
The cyan very ugly thing tentacle-slaps you but does no damage.
Unknown command.
You hit the white very ugly thing.
The white very ugly thing is moderately wounded.
The white very ugly thing kicks you!
* * * LOW HITPOINT WARNING * * *
The white very ugly thing freezes you!! You resist.
You die...

.uu......≈# ##...#
.........≈ #...u#
≈...|.... #...##
#≈?....u# ###### ##'#
.....# ########..#
#....# ##.....##..#
##..o# #...#...#u.#
≈###p# #...#@u.#..#
...### ###'#u###u.#
.....# #.......#..###
...xu# #.......#..#[##
....x# #.......#..#..#
....##
##......#..##'###..###
##.....'..#....####..
########†.#.....##...
##......††.'.....#.∩..


You could see 2 very ugly things.

Vanquished Creatures
  Gastronok (Lair:2)
  2 thorn hunters (Swamp:4)
  12 greater nagas
  4 very ugly things
  A minotaur (Lab)
  2 green deaths (Swamp:4)
  2 fire dragons
  Josephine (Orc:1)
  A rakshasa (D:14)
  Fannar (Lair:2)
  21 hydras
  16 naga warriors
  4 centaur warriors
  2 ghost crabs (Swamp:4)
  13 alligators
  Erica (Lair:1)
  15 anacondas
  6 death yaks
  A tengu warrior (D:13)
  A catoblepas (Lair:6)
  3 ogre magi
  10 shock serpents
  Sonja (Orc:2)
  7 naga sharpshooters
  An iron golem (WizLab)
  The ghost of hairmachine the Arsonist, a novice DgFE (D:10)
  A fire crab (shapeshifter) (WizLab)
  2 unseen horrors
  7 salamander mystics
  2 wizards (D:15)
  3 deep trolls
  A necromancer (D:15)
  A spriggan druid (Swamp:3)
  6 lindwurms
  9 swamp dragons
  2 harpies (shapeshifter) (WizLab)
  8 naga ritualists
  A lindwurm (shapeshifter) (WizLab)
  9 hill giants
  3 deep elf magi
  An orc knight (Orc:2)
  2 shambling mangroves
  An anubis guard (shapeshifter) (WizLab)
  A wolf spider (D:15)
  2 large abominations (Swamp:4)
  3 cyclopes
  22 mana vipers
  An orc sorcerer (D:15)
  21 ugly things
  An orb spider (shapeshifter) (WizLab)
  11 salamanders
  5 griffons
  A hornet (Swamp:3)
  3 manticores (D:11)
  3 guardian serpents (shapeshifter) (WizLab)
  2 black mambas (shapeshifter) (WizLab)
  24 naga magi
  27 black mambas
  2 gargoyles (D:15)
  8 guardian serpents
  10 elephants
  An orange demon (Swamp:4)
  2 ice statues (IceCv)
  19 spiny frogs
  7 torpor snails
  3 komodo dragons (shapeshifter) (WizLab)
  8 komodo dragons
  6 rime drakes
  8 ice devils (IceCv)
  A freezing wraith (D:14)
  3 meliai (D:15)
  A wind drake (shapeshifter) (WizLab)
  A queen bee (D:15)
  11 two-headed ogres
  6 giant leeches
  19 trolls
  12 blink frogs
  A polar bear (Lair:6)
  25 slime creatures
  8 bog bodies
  2 meliai zombies (D:15)
  A raiju (shapeshifter) (WizLab)
  2 spriggans (shapeshifter) (WizLab)
  A vampire (D:15)
  2 tarantellas (shapeshifter) (WizLab)
  12 spriggans
  2 wyverns (Lair:6)
  4 shadows
  72 yaks
  5 wraiths (D:11)
  A hog (shapeshifter) (WizLab)
  A hippogriff (shapeshifter) (WizLab)
  15 vampire mosquitoes
  7 basilisks
  7 hungry ghosts
  3 mottled dragons
  3 steam dragons (Lair:6)
  2 wargs
  5 hippogriffs
  42 nagas
  16 insubstantial wisps
  A swamp worm (shapeshifter) (WizLab)
  Menkaure (D:5)
  4 small abominations
  17 water moccasins
  17 swamp worms
  Duvessa (D:7)
  4 giant eyeballs (WizLab)
  11 porcupines
  5 swamp drakes
  4 ice beasts
  16 orc warriors
  4 sky beasts
  A black bear (D:8)
  26 wasps
  A necrophage (D:13)
  30 ogres
  2 phantoms
  31 centaurs
  8 wolves
  2 crocodiles (shapeshifter) (WizLab)
  19 crocodiles
  4 big kobolds
  16 giant frogs
  Dowan (D:7)
  4 scorpions
  A wyvern skeleton (D:8)
  36 killer bees
  8 wights
  6 howler monkeys
  A giant frog zombie (D:6)
  6 centaur zombies
  9 crimson imps
  4 quasits
  7 hounds
  8 centaur skeletons
  16 orc priests
  3 jellies
  Ijyb (D:2)
  2 giant frog skeletons
  15 iguanas
  27 orc wizards
  10 worker ants
  13 sheep
  A hound zombie (D:7)
  A worker ant zombie (D:10)
  4 gnolls (D:5)
  13 adders
  A howler monkey skeleton (D:8)
  75 river rats
  4 shadow imps
  9 white imps (IceCv)
  9 ufetubi (IceCv)
  3 oozes
  An adder skeleton (D:4)
  An adder zombie (D:1)
  5 worms
  2 dart slugs
  9 giant geckos
  76 orcs
  6 ball pythons
  9 bats
  A bat zombie (D:1)
  8 giant cockroaches
  5 goblins
  13 hobgoblins
  9 jackals (D:3)
  31 kobolds
  4 quokkas
  2 giant gecko skeletons
  6 giant newts
  A quokka zombie (D:7)
  13 rats
1408 creatures vanquished.

Vanquished Creatures (collateral kills)
  A tentacled monstrosity (Swamp:4)
  A naga warrior (Snake:1)
  A naga sharpshooter (Snake:4)
  A swamp dragon (Swamp:4)
  2 ugly things (Swamp:4)
  A naga mage (Snake:4)
  A water moccasin (Lair:2)
8 creatures vanquished.

Vanquished Creatures (others)
  Nikola (Swamp:2)
  A reaper (IceCv)
  A spriggan druid (Swamp:4)
  A deep elf mage (D:15)
  An orange demon (Swamp:4)
  A naga mage (Snake:4)
  4 ufetubi (IceCv)
  A briar patch (Swamp:4)
  12 fungi
  31 plants
54 creatures vanquished.

Grand Total: 1470 creatures vanquished

Action                   |  1- 3 |  4- 6 |  7- 9 | 10-12 | 13-15 | 16-18 | 19-21 || total
-------------------------+-------+-------+-------+-------+-------+-------+-------++-------
Melee: Falchion          |   120 |   179 |       |       |       |       |       ||   299
       Long sword        |       |   103 |   464 |    46 |       |       |       ||   613
       Short sword       |       |       |    85 |   854 |   205 |       |       ||  1144
       Scimitar          |       |       |       |     1 |    61 |   153 |       ||   215
       Double sword      |       |       |       |       |  1448 |  1745 |  1215 ||  4408
 Fire: Blowgun           |       |       |       |    12 |       |     8 |       ||    20
Invok: Berserk           |       |     2 |    14 |    31 |    23 |    36 |    17 ||   123
       Trog's Hand       |       |       |     1 |       |     3 |     6 |       ||    10
       Brothers in Arms  |       |       |       |     1 |       |     4 |     1 ||     6
Evoke: Wand              |       |       |       |     5 |     9 |    12 |    12 ||    38
  Use: Potion            |       |       |     1 |       |     1 |     3 |     1 ||     6
       Scroll            |       |       |       |    26 |    16 |    17 |     4 ||    63
 Stab: Sleeping          |       |     1 |       |       |       |       |       ||     1
       Distracted        |       |       |       |     1 |       |       |       ||     1
       Paralysed         |       |       |       |       |       |     8 |    12 ||    20
  Eat: Chunk             |       |     8 |    20 |    46 |    36 |    18 |     3 ||   131
       Fruit             |       |       |     1 |     3 |     4 |     4 |       ||    12
       Beef jerky        |       |       |     1 |     2 |       |     2 |       ||     5
       Pizza             |       |       |     1 |     1 |     2 |     1 |       ||     5
       Bread ration      |       |       |     2 |     1 |     4 |     4 |     5 ||    16
       Royal jelly       |       |       |       |     1 |     1 |    10 |     1 ||    13
       Meat ration       |       |       |       |       |     2 |     6 |     3 ||    11
Armor: Animal skin       |    16 |    10 |       |       |       |       |       ||    26
       Chain mail        |       |    85 |   184 |   192 |   155 |   644 |   420 ||  1680
       Scale mail        |       |       |       |    45 |   229 |       |       ||   274
Dodge: Dodged            |    71 |   130 |   226 |   440 |   994 |  1068 |   720 ||  3649
Block: Other             |       |       |       |       |       |   222 |    27 ||   249
       Reflection        |       |       |       |       |       |     8 |       ||     8

Action                   |  1- 3 |  4- 6 |  7- 9 | 10-12 | 13-15 | 16-18 | 19-21 || total
-------------------------+-------+-------+-------+-------+-------+-------+-------++-------
Melee: Falchion          |   120 |   179 |       |       |       |       |       ||   299
       Long sword        |       |   103 |   464 |    46 |       |       |       ||   613
       Short sword       |       |       |    85 |   854 |   205 |       |       ||  1144
       Scimitar          |       |       |       |     1 |    61 |   153 |       ||   215
       Double sword      |       |       |       |       |  1448 |  1745 |  1215 ||  4408
 Fire: Blowgun           |       |       |       |    12 |       |     8 |       ||    20
Invok: Berserk           |       |     2 |    14 |    31 |    23 |    36 |    17 ||   123
       Trog's Hand       |       |       |     1 |       |     3 |     6 |       ||    10
       Brothers in Arms  |       |       |       |     1 |       |     4 |     1 ||     6
Evoke: Wand              |       |       |       |     5 |     9 |    12 |    12 ||    38
  Use: Potion            |       |       |     1 |       |     1 |     3 |     1 ||     6
       Scroll            |       |       |       |    26 |    16 |    17 |     4 ||    63
 Stab: Sleeping          |       |     1 |       |       |       |       |       ||     1
       Distracted        |       |       |       |     1 |       |       |       ||     1
       Paralysed         |       |       |       |       |       |     8 |    12 ||    20
  Eat: Chunk             |       |     8 |    20 |    46 |    36 |    18 |     3 ||   131
       Fruit             |       |       |     1 |     3 |     4 |     4 |       ||    12
       Beef jerky        |       |       |     1 |     2 |       |     2 |       ||     5
       Pizza             |       |       |     1 |     1 |     2 |     1 |       ||     5
       Bread ration      |       |       |     2 |     1 |     4 |     4 |     5 ||    16
       Royal jelly       |       |       |       |     1 |     1 |    10 |     1 ||    13
       Meat ration       |       |       |       |       |     2 |     6 |     3 ||    11
Armor: Animal skin       |    16 |    10 |       |       |       |       |       ||    26
       Chain mail        |       |    85 |   184 |   192 |   155 |   644 |   420 ||  1680
       Scale mail        |       |       |       |    45 |   229 |       |       ||   274
Dodge: Dodged            |    71 |   130 |   226 |   440 |   994 |  1068 |   720 ||  3649
Block: Other             |       |       |       |       |       |   222 |    27 ||   249
       Reflection        |       |       |       |       |       |     8 |       ||     8
